 Dungeon Crawl Stone Soup version 0.31-a0-188-g5e087ee2ca (webtiles) character file.

Game seed: 1116084919846734907

16 qw the Shooter (level 2, 0/16 HPs)
             Began as a Deep Elf Hunter on June 22, 2023.
             Slain by a gnoll
             ... wielding a +0 spear
              (6 damage)
             ... on level 2 of the Dungeon.
             The game lasted 00:00:16 (892 turns).

qw the Shooter (Deep Elf Hunter)                     Turns: 892, Time: 00:00:16

Health: 0/16       AC:  3    Str:  8    XL:     2   Next: 41%
Magic:  4/4        EV: 12    Int: 13    God:
Gold:   73         SH:  0    Dex: 18    Spells: 1/1 levels left

rFire   . . .        Y - +0 shortbow
rCold   . . .        (shield currently unavailable)
rNeg    . . .        c - +0 leather armour
rPois   .            (no helmet)
rElec   .            (no cloak)
rCorr   .            (no gloves)
SInv    .            (no boots)
Will    .....        (no amulet)
Stlth   ++           (no ring)
HPRegen 0.22/turn    (no ring)
MPRegen 0.09/turn

%: no passive effects
@: no status effects
A: no striking features
a: no special abilities


You were on level 2 of the Dungeon.
You visited 1 branch of the dungeon, and saw 2 of its levels.

You collected 73 gold pieces.


   Skills:
 - Level 1.5 Fighting
 + Level 6.2 Ranged Weapons
 - Level 2.4 Dodging
 - Level 1.2 Stealth


You had one spell level left.
You didn't know any spells.
Your spell library was empty.

Inventory:

Hand Weapons
 Y - a +0 shortbow (weapon)
Armour
 a - a +0 ring mail
 c - a +0 leather armour (worn)
 d - a +0 pair of boots
Scrolls
 b - a scroll of amnesia {unknown}
Potions
 e - a potion of enlightenment
 i - a potion of degeneration {unknown}

Dungeon Overview and Level Annotations

Branches:
Dungeon (2/15)

Altars:
Gozag

Annotations:
D:2 exclusion: gnoll


Message History

The bat moves out of view.
Found a pair of boots.
You shoot an arrow. The arrow barely misses the bat.
The bat closely misses you.
You shoot an arrow.
The arrow hits the bat but does no damage.
The bat misses you.
You shoot an arrow. The arrow hits the bat.
You kill the bat!
b - a scroll labelled EDIONE RENK You now have 73 gold pieces (gained 11).
d - a +0 pair of boots A gnoll comes into view.
It is wielding a +0 spear.
Found a ring mail.
The gnoll shouts!
You hear a shout! x2
You shoot an arrow. The arrow closely misses the gnoll.
You shoot an arrow. The arrow hits the gnoll.
The gnoll is heavily wounded.
You shoot an arrow. The arrow hits the gnoll.
The gnoll is severely wounded.
You shoot an arrow.
The arrow hits the gnoll but does no damage.
The gnoll is severely wounded.
The gnoll hits you from afar with a +0 spear!
You shoot an arrow. The arrow barely misses the gnoll.
The gnoll closely misses you.
You shoot an arrow. The arrow closely misses the gnoll.
The gnoll barely misses you.
You shoot an arrow.
The arrow hits the gnoll but does no damage.
The gnoll is severely wounded.
The gnoll barely misses you.
You shoot an arrow.
The arrow hits the gnoll but does no damage.
The gnoll is severely wounded.
The gnoll hits you from afar with a +0 spear.
892 ||| UPGRADING to +0 ring mail.
The gnoll hits you from afar with a +0 spear.
You stop removing your armour.
You die...

#.........# #.....##
#.........# #.......#
#.........### #.......#
#...........# #... ..#
#.........#.###.. >.#
#............##.# #.##.
#######.......#.#####....
#..._.....##....#
#.@....#.....##.#
##.....#..#####.##.
...g.......##....<..
###.................
#..#####..)..#...## .....
>.....#.#.# ###..
...####..#.# ..[ ...
...... ..#<...


You could see a gnoll.

Vanquished Creatures
  4 bats
  An endoplasm (D:1)
  A giant cockroach (D:1)
  2 goblins
  A kobold (D:1)
  A quokka (D:1)
  3 ball pythons
  2 rats (D:1)
15 creatures vanquished.

Notes
Turn   | Place    | Note
-------+----------+-------------------------------------------
     0 | D:1      | qw the Deep Elf Hunter began the quest for the Orb.
     0 | D:1      | Reached XP level 1. HP: 12/12 MP: 3/3
     0 | D:1      | 0 ||| qw: Version: 0.3-a-9-g12657ce
     0 | D:1      | 0 ||| qw: Game counter: 3038
     0 | D:1      | 0 ||| qw: Always use a shield: true
     0 | D:1      | 0 ||| qw: God list: Okawaru
     0 | D:1      | 0 ||| qw: Allow faded altars: false
     0 | D:1      | 0 ||| qw: Do Orc after D:15 true
     0 | D:1      | 0 ||| qw: Do second Lair branch before Depths: true
     0 | D:1      | 0 ||| qw: Lair rune preference: random
     0 | D:1      | 0 ||| qw: Plans: Normal
     0 | D:1      | 0 ||| PLANNING D:1-11
   498 | D:1      | Reached skill level 6 in Ranged Weapons
   498 | D:1      | Reached XP level 2. HP: 16/16 MP: 4/4
   781 | D:1      | 781 ||| READING scroll labelled VAABETELYU.
   782 | D:1      | 782 ||| READING 2 scrolls labelled JIDUTU PEXET.
   783 | D:1      | 783 ||| READING scroll labelled HUTAIDD SOOH.
   813 | D:1      | 813 ||| READING scroll labelled KEQIOD ULORAM.
   814 | D:1      | 814 ||| READING scroll labelled GISSAP DISALOTA.
   815 | D:1      | 815 ||| DRINKING 2 cyan potions.
   816 | D:1      | 816 ||| DROPPING scroll of butterflies.
   817 | D:1      | 817 ||| DROPPING scroll of poison.
   864 | D:2      | Found an opulent altar of Gozag.
   892 | D:2      | 892 ||| UPGRADING to +0 ring mail.
   892 | D:2      | Slain by a gnoll

Levels and vault maps discovered:
D:1:      ncdulo_smallfort, layout_basic, serial_co_window_serial,
          co_window_paths_b, co_window_corner_a, co_window_corner_a,
          co_window_corner_a, co_window_cross_1, co_window_corner_a,
          co_window_unsneaky_path_b, co_window_broadway_b, co_window_broadway_a,
          co_window_2corner, co_window_corner_b, glass_columns_b
D:2:      layout_rooms, basic_altar, shapermc_ecumenical_altar_rom_forum

Skill      XL: |  1 |
---------------+----+-----
Ranged Weapons | 6 |  6.2
Fighting       | |  1.5
Dodging        | |  2.4
Stealth        | |  1.2

Action                     || total
---------------------------++-------
   Fire: Shortbow          ||    47
    Use: Scroll            ||     5
         Potion            ||     1
 Armour: Leather armour    ||     8
  Dodge: Dodged            ||    15

Table legend:
 A = Non-vault XP
 B = Vault XP
 C = Vault XP percentage of total XP
 D = Non-vault monster count
 E = Vault monster count
 F = Vault count percentage of total count
                 A         B        C        D         E       F
            +---------+---------+-------+---------+---------+-------
      Total |      24 |       0 |   0.0 |      15 |       0 |   0.0
            +---------+---------+-------+---------+---------+-------
        D:1 |      19 |       0 |   0.0 |      12 |       0 |   0.0
        D:2 |       5 |       0 |   0.0 |       3 |       0 |   0.0
            +---------+---------+-------+---------+---------+-------
